 Dungeon Sprint DCSS version 0.29.1-2-gbd0b4ee654 (webtiles) character file.

Game seed: 12506814857761183595

22036 Fymir27 the Martial Artist (level 12, 0/105 HPs)
             Began as a Gnoll Transmuter on Oct 31, 2022.
             Was a Priest of Uskayaw.
             Slain by the 27-headed Lernaean hydra (8 damage)
             ... in the Dungeon (Sprint I: "Red Sonja").
             The game lasted 00:59:21 (4673 turns).

Fymir27 the Martial Artist (Gnoll Transmuter)       Turns: 4673, Time: 00:59:22

Health: 0/105      AC:  2    Str: 12    XL:     12   Next: 96%
Magic:  34/35      EV: 37    Int: 10    God:    Uskayaw [***...]
Gold:   1330       SH:  0    Dex: 21    Spells: 28/38 levels left

rFire   . . .      SeeInvis +     - Unarmed
rCold   + . .      Faith    +   (shield currently unavailable)
rNeg    . . .      Spirit   .   (body armour currently unavailable)
rPois   x          Reflect  .   (helmet currently unavailable)
rElec   .          Harm     .   (cloak currently unavailable)
rCorr   .          Rampage  .   (gloves currently unavailable)
Will    +....      NoTele   +   (boots currently unavailable)
Stlth   ++++++....              A - amulet of faith
HPRegen 0.27/turn               B - ring of Nijogast {rC+ Will+ MP+9 EV+4 Int-2}
MPRegen 0.24/turn               y - ring of see invisible

@: spider-form, invisible, unable to drink
A: venomous fangs, tiny, (fangs 1), strong nose, distributed training, (deformed
body), low MP 1, screaming 1, inability to drink after injury 1
a: End Transformation, Renounce Religion, Stomp, Line Pass


You were in the Dungeon.
You worshipped Uskayaw.
Uskayaw was pleased with you.
You were a venomous arachnid creature.
You visited 1 branch You collected 4401 gold pieces.
You spent 3071 gold pieces at shops.

Inventory:

Hand Weapons
 i - a +0 club
 o - a +2 dagger of venom
 x - the +7 lajatang of Order (melded) {silver, rMut}
   (You found it in the Dungeon)

   It inflicts extra damage upon those it strikes, and deals substantially
   increased damage to chaotic, mutated and magically transformed beings.
   rMut:      It protects you from mutation.
Missiles
 k - 6 stones (quivered)
 r - 2 javelins
 F - 3 poisoned darts
Armour
 a - a +0 robe
 j - a +0 scale mail
 s - a +0 troll leather armour (melded)
 z - a +2 tower shield of reflection
 C - a +2 pair of boots (melded)
 E - a +0 plate armour of cold resistance
Jewellery
 y - a ring of see invisible (right front leg)
 A - an amulet of faith (around neck)
 B - the ring of Nijogast (left front leg) {rC+ Will+ MP+9 EV+4 Int-2}
   (You bought it in a shop in the Dungeon)

   [ring of evasion]

   EV:        It affects your evasion (+4).
   Int:       It affects your intelligence (-2).
   rC:        It protects you from cold.
   MP:        It affects your magic capacity (+9).
   Will:      It increases your willpower.
 D - the ring of Shadows {Umbra +Inv Stlth+}
   (You bought it in a shop in the Dungeon)

   [ring of stealth]

   It surrounds you with an aura of shadow, increasing your stealth and reducing
   the accuracy of all others within it.
   +Inv:      It lets you turn invisible.
   Stlth:     It makes you more stealthy.
 H - a ring of flight
Wands
 p - a wand of digging (1)
Scrolls
 c - a scroll of poison {unknown}
 h - a scroll of blinking
 l - a scroll of amnesia {unknown}
 t - a scroll of silence
 v - 3 scrolls of enchant weapon
 w - 2 scrolls of enchant armour {unknown}
Potions
 b - a potion of lignification
 d - a potion of invisibility
 e - a potion of haste
 f - 2 potions of magic
 g - a potion of flight
 m - a potion of mutation
 q - a potion of cancellation
 u - 4 potions of curing
Miscellaneous
 G - a piece from Xom's chessboard (15/15)
 I - a condenser vane


   Skills:
 + Level 13.1 Fighting
 + Level 12.9 Short Blades
 + Level 12.9 Long Blades
 + Level 12.9 Axes
 + Level 12.9 Maces & Flails
 + Level 12.9 Polearms
 + Level 12.9 Staves
 + Level 12.9 Ranged Weapons
 + Level 12.9 Throwing
 + Level 12.9 Armour
 + Level 13.6 Dodging
 + Level 12.9 Stealth
 + Level 12.9 Shields
 + Level 14.3 Unarmed Combat
 + Level 13.7 Spellcasting
 + Level 10.9 Conjurations
 + Level 10.9 Hexes
 + Level 10.9 Summonings
 + Level 10.9 Necromancy
 + Level 10.9 Translocations
 + Level 11.5 Transmutations
 + Level 10.9 Fire Magic
 + Level 10.9 Ice Magic
 + Level 10.9 Air Magic
 + Level 10.9 Earth Magic
 + Level 10.9 Poison Magic
 + Level 14.0 Invocations
 + Level 12.9 Evocations


You had 28 spell levels left.
You knew the following spells:

 Your Spells              Type           Power      Damage    Failure   Level
a - Beastly Appendage     Tmut           60%        N/A       1%          1
b - Spider Form           Tmut/Pois      29%        N/A       2%          3
c - Ice Form              Ice/Tmut       29%        N/A       4%          4
d - Wereblood             Tmut           30%        N/A       1%          2

Your spell library contained the following spells:

 Spells                   Type           Power      Damage    Failure   Level


Dungeon Overview and Level Annotations

Branches:
Dungeon (1/1)

Altars:
Cheibriados
Dithmenos
Elyvilon
Fedhas
Gozag
Hepliaklqana
Kikubaaqudgha
Makhleb
Nemelex Xobeh
Okawaru
Qazlal
Ru
Sif Muna
Trog
Uskayaw
Vehumet
Wu Jian
Xom
Yredelemnul
Zin
The Shining One
Jiyva
Lugonu

Shops:
D ?:?!!?*(==!=[![[?[![*

Annotations:
D Lernaean hydra, Lom Lobon, Tiamat


Innate Abilities, Weirdness & Mutations

You are a venomous arachnid creature.
You have poisonous fangs.
You are tiny and dextrous.
Your spellcasting is less reliable in this form.
Your armour is entirely melded.
You are incapable of wielding weapons or throwing items.
((You have very sharp teeth.))
Your uncanny sense of smell can sniff out nearby items.
Your experience applies equally to all skills.
((Armour fits poorly on your strangely shaped body.))
Your magical capacity is low. (-10% MP)
You occasionally shout uncontrollably at your foes.
You occasionally lose the ability to drink potions when taking damage.


Message History

You maul the 27-headed Lernaean hydra!!
The 27-headed Lernaean hydra is severely wounded.
The 27-headed Lernaean hydra is no longer paralysed.
The 27-headed Lernaean hydra misses you.
The 27-headed Lernaean hydra completely misses you. x8
The 27-headed Lernaean hydra barely misses you.
The 27-headed Lernaean hydra completely misses you.
The 27-headed Lernaean hydra bites you.
The 27-headed Lernaean hydra closely misses you.
The 27-headed Lernaean hydra completely misses you. x2
The 27-headed Lernaean hydra bites you!
You feel threatened and lose the ability to drink potions!
* * * LOW HITPOINT WARNING * * *
The 27-headed Lernaean hydra bites you.
* * * LOW HITPOINT WARNING * * *
The 27-headed Lernaean hydra barely misses you.
The 27-headed Lernaean hydra completely misses you.
The 27-headed Lernaean hydra barely misses you.
The 27-headed Lernaean hydra misses you.
The 27-headed Lernaean hydra closely misses you.
The 27-headed Lernaean hydra completely misses you.
The 27-headed Lernaean hydra bites you!
* * * LOW HITPOINT WARNING * * *
The 27-headed Lernaean hydra completely misses you.
The 27-headed Lernaean hydra misses you.
The 27-headed Lernaean hydra completely misses you.
Press: ? - help, v - describe, . - travel
Here: the 27-headed Lernaean hydra (severely wounded, wandering, unable to see you, hasn't noticed you)
The floor.
You bite the 27-headed Lernaean hydra!
The 27-headed Lernaean hydra is severely wounded.
The 27-headed Lernaean hydra bites you but does no damage.
The 27-headed Lernaean hydra completely misses you.
The 27-headed Lernaean hydra bites you!
* * * LOW HITPOINT WARNING * * *
The 27-headed Lernaean hydra closely misses you.
The 27-headed Lernaean hydra bites you.
* * * LOW HITPOINT WARNING * * *
The 27-headed Lernaean hydra bites you!
You die...

#######################**********
§§§.§§§§...'))#..+§$§§#∆∆∆∆∆∆,,,*
§####..§.§##.§'..#§.§§##∆∆∆∆∆,,,*
.#○###..§#######'#§§.$$#****∆,,,*
.#○#.###'#)($##.s#$§.§$#∆∆∆*∆,,,*
##.○.#y#.##$$$#D.##§§.$#∆∩∆*∆,,,*
.#...###..###$#..≈###'##∆∆∆*∆,,,*
○+.....##.#A#.#.)≈.[..#***+*∆,,,*
.#..○..#..###.#..≈.##+#,,,,**,,,*
°###○°##.##...#..≈##,,,,,,,,**,,*
###..###..#+###..≈#,,,,,,,,,,*,,*
####..###...#.≈(.##,,,,,,,,,,**,*
#..#..#.###.#.≈(.#,,,,,,∆,,,,,*,*


You could see the 27-headed Lernaean hydra (unable to see you).

Vanquished Creatures
  3 fire giants (D)
  A lorocyproca (D)
  A deep elf annihilator (D)
  A mummy priest (D)
  A hydra (D)
  2 centaur warriors (D)
  Sonja (D)
  A deep troll (D)
  A lindwurm (D)
  2 oklob plants (D)
  8 shining eyes (D)
  2 merfolk sirens (D)
  A gargoyle (D)
  7 unseen horrors (D)
  4 demonic crawlers (D)
  2 kobold demonologists (D)
  A hellwing (D)
  5 hornets (D)
  A slime creature (D)
  Sigmund (D)
  A yak (D)
  13 hogs (D)
  2 redbacks (D)
  7 floating eyes (D)
  An ogre (D)
  7 necrophages (D)
  8 jellies (D)
  Ijyb (D)
  A ballistomycete spore (D)
87 creatures vanquished.

Vanquished Creatures (others)
  A fire giant (D)
  A ballistomycete spore (D)
2 creatures vanquished.

Grand Total: 89 creatures vanquished

Notes
Turn   | Place    | Note
-------+----------+-------------------------------------------
     0 | D        | Fymir27 the Gnoll Transmuter began the quest for the Orb.
     0 | D        | Reached XP level 1. HP: 17/17 MP: 6/6
    14 | D        | Noticed Ijyb
    35 | D        | Killed Ijyb
    36 | D        | Reached skill level 1 in Short Blades
    36 | D        | Reached skill level 1 in Long Blades
    36 | D        | Reached skill level 1 in Axes
    36 | D        | Reached skill level 1 in Maces & Flails
    36 | D        | Reached skill level 1 in Polearms
    36 | D        | Reached skill level 1 in Staves
    36 | D        | Reached skill level 1 in Ranged Weapons
    36 | D        | Reached skill level 1 in Throwing
    36 | D        | Reached skill level 1 in Armour
    36 | D        | Reached skill level 1 in Stealth
    36 | D        | Reached skill level 1 in Shields
    36 | D        | Reached skill level 5 in Spellcasting
    36 | D        | Reached skill level 1 in Conjurations
    36 | D        | Reached skill level 1 in Hexes
    36 | D        | Reached skill level 1 in Summonings
    36 | D        | Reached skill level 1 in Necromancy
    36 | D        | Reached skill level 1 in Translocations
    36 | D        | Reached skill level 1 in Fire Magic
    36 | D        | Reached skill level 1 in Ice Magic
    36 | D        | Reached skill level 1 in Air Magic
    36 | D        | Reached skill level 1 in Earth Magic
    36 | D        | Reached skill level 1 in Poison Magic
    36 | D        | Reached skill level 1 in Evocations
    36 | D        | Reached XP level 2. HP: 9/24 MP: 8/8
    36 | D        | Reached XP level 3. HP: 11/29 MP: 9/9
   233 | D        | Noticed an ogre
   239 | D        | Killed an ogre
   240 | D        | Reached skill level 5 in Dodging
   240 | D        | Reached XP level 4. HP: 37/37 MP: 9/11
   279 | D        | Noticed Sigmund
   288 | D        | Killed Sigmund
   289 | D        | Reached skill level 5 in Fighting
   289 | D        | Reached skill level 5 in Transmutations
   289 | D        | Reached XP level 5. HP: 22/44 MP: 11/14
   289 | D        | Reached XP level 6. HP: 25/51 MP: 11/15
   454 | D        | Learned a level 3 spell: Spider Form
   455 | D        | Found a burning altar of Makhleb.
   455 | D        | Found a viscous altar of Jiyva.
   455 | D        | Found a shimmering altar of Xom.
   455 | D        | Found a corrupted altar of Lugonu.
   455 | D        | Noticed a slime creature
   468 | D        | Killed a slime creature
   469 | D        | Reached skill level 5 in Short Blades
   469 | D        | Reached skill level 5 in Long Blades
   469 | D        | Reached skill level 5 in Axes
   469 | D        | Reached skill level 5 in Maces & Flails
   469 | D        | Reached skill level 5 in Polearms
   469 | D        | Reached skill level 5 in Staves
   469 | D        | Reached skill level 5 in Ranged Weapons
   469 | D        | Reached skill level 5 in Throwing
   469 | D        | Reached skill level 5 in Armour
   469 | D        | Reached skill level 5 in Stealth
   469 | D        | Reached skill level 5 in Shields
   469 | D        | Reached skill level 5 in Invocations
   469 | D        | Reached skill level 5 in Evocations
   469 | D        | Reached XP level 7. HP: 22/57 MP: 14/17
   653 | D        | Found an ornate altar of the Wu Jian Council.
   653 | D        | Found a shimmering blue altar of Sif Muna.
   655 | D        | Found a radiant altar of Vehumet.
   695 | D        | Found Gohen's Distillery.
   695 | D        | Found an ancient bone altar of Kikubaaqudgha.
   695 | D        | Found a hazy altar of Hepliaklqana.
   695 | D        | Found a stormy altar of Qazlal.
   695 | D        | Found a hide-covered altar of Uskayaw.
   695 | D        | Found a blossoming altar of Fedhas.
   695 | D        | Found a bloodstained altar of Trog.
   695 | D        | Found an iron altar of Okawaru.
   695 | D        | Found a basalt altar of Yredelemnul.
   695 | D        | Found a glowing golden altar of the Shining One.
   695 | D        | Found a snail-covered altar of Cheibriados.
   695 | D        | Found a sacrificial altar of Ru.
   695 | D        | Found a glowing silver altar of Zin.
   695 | D        | Found a shadowy altar of Dithmenos.
   695 | D        | Found a white marble altar of Elyvilon.
   695 | D        | Noticed a yak
   696 | D        | Found an opulent altar of Gozag.
   708 | D        | Killed a yak
   717 | D        | Found a sparkling altar of Nemelex Xobeh.
   721 | D        | Bought a potion of invisibility for 80 gold pieces
   721 | D        | Bought a potion of mutation for 80 gold pieces
   721 | D        | Bought a potion of resistance for 100 gold pieces
   722 | D        | Became a worshipper of Uskayaw the Reveller
   802 | D        | Noticed a kobold demonologist
   803 | D        | Noticed a kobold demonologist
   805 | D        | Reached * piety under Uskayaw
   809 | D        | Paralysed by a floating eye for 3 turns
   813 | D        | Noticed a red devil
   813 | D        | Reached ** piety under Uskayaw
   815 | D        | Killed a kobold demonologist
   816 | D        | Reached skill level 5 in Conjurations
   816 | D        | Reached skill level 5 in Hexes
   816 | D        | Reached skill level 5 in Summonings
   816 | D        | Reached skill level 5 in Necromancy
   816 | D        | Reached skill level 5 in Translocations
   816 | D        | Reached skill level 5 in Fire Magic
   816 | D        | Reached skill level 5 in Ice Magic
   816 | D        | Reached skill level 5 in Air Magic
   816 | D        | Reached skill level 5 in Earth Magic
   816 | D        | Reached skill level 5 in Poison Magic
   816 | D        | Reached XP level 8. HP: 54/67 MP: 20/20
   817 | D        | Reached *** piety under Uskayaw
   820 | D        | Killed a kobold demonologist
   820 | D        | Reached **** piety under Uskayaw
   909 | D        | Noticed a demonic crawler
   909 | D        | Noticed a demonic crawler
   909 | D        | Noticed a demonic crawler
   909 | D        | Noticed a demonic crawler
   935 | D        | Noticed Sonja
   939 | D        | Killed Sonja
   940 | D        | Reached skill level 10 in Unarmed Combat
   940 | D        | Reached XP level 9. HP: 74/74 MP: 18/22
   965 | D        | Found Ulybruoz's Magic Scroll Boutique.
   973 | D        | Bought a scroll of identify for 26 gold pieces
   973 | D        | Bought a scroll of silence for 123 gold pieces
   992 | D        | Learned a level 4 spell: Ice Form
   992 | D        | Noticed a shining eye
   992 | D        | Noticed a shining eye
   992 | D        | Noticed a shining eye
  1138 | D        | Noticed a deep troll
  1152 | D        | Killed a deep troll
  1450 | D        | Noticed a centaur warrior
  1474 | D        | Noticed a centaur warrior
  1490 | D        | Killed a centaur warrior
  1495 | D        | Killed a centaur warrior
  1496 | D        | Reached skill level 10 in Spellcasting
  1496 | D        | Reached XP level 10. HP: 17/83 MP: 15/24
  1574 | D        | Found Oseleifi's Armour Emporium.
  1625 | D        | Reached skill level 10 in Dodging
  1655 | D        | Noticed an oklob plant
  1666 | D        | Killed an oklob plant
  1730 | D        | Reached skill level 10 in Invocations
  1753 | D        | Killed an unseen horror
  1754 | D        | Killed an unseen horror
  1852 | D        | Learned a level 2 spell: Wereblood
  1857 | D        | Found the +7 lajatang of Order {silver, rMut}
  1889 | D        | Reached ***** piety under Uskayaw
  1908 | D        | Reached ****** piety under Uskayaw
  1987 | D        | Reached skill level 10 in Fighting
  2155 | D        | Found Nizuv's Weapon Shoppe.
  2155 | D        | Found Xagux's Assorted Antiques.
  2155 | D        | Found Kuoruxue's Jewellery Boutique.
  2157 | D        | Found Mour's Jewellery Emporium.
  2157 | D        | Found Zeceafuqi's Distillery.
  2157 | D        | Found Vuruqes's Jewellery Shoppe.
  2157 | D        | Found Agateihi's Antique Armour Boutique.
  2157 | D        | Found Oproups's Distillery.
  2157 | D        | Found Rauqar's Armour Shop.
  2157 | D        | Found Otwytrem's Armour Shoppe.
  2161 | D        | Found Rielos's Magic Scroll Boutique.
  2162 | D        | Found Ulereodgh's Distillery.
  2162 | D        | Found Faest's Armour Boutique.
  2163 | D        | Found Wiwnanif's Assorted Antiques.
  2225 | D        | Noticed a shining eye
  2225 | D        | Noticed a shining eye
  2225 | D        | Noticed a shining eye
  2225 | D        | Paralysed by a floating eye for 3 turns
  2229 | D        | Paralysed by a floating eye for 2 turns
  2234 | D        | Killed a shining eye
  2237 | D        | Killed a shining eye
  2240 | D        | Killed a shining eye
  2241 | D        | Reached skill level 10 in Short Blades
  2241 | D        | Reached skill level 10 in Long Blades
  2241 | D        | Reached skill level 10 in Axes
  2241 | D        | Reached skill level 10 in Maces & Flails
  2241 | D        | Reached skill level 10 in Polearms
  2241 | D        | Reached skill level 10 in Staves
  2241 | D        | Reached skill level 10 in Ranged Weapons
  2241 | D        | Reached skill level 10 in Throwing
  2241 | D        | Reached skill level 10 in Armour
  2241 | D        | Reached skill level 10 in Stealth
  2241 | D        | Reached skill level 10 in Shields
  2241 | D        | Reached skill level 10 in Evocations
  2241 | D        | Reached XP level 11. HP: 92/92 MP: 26/26
  2242 | D        | Paralysed by a floating eye for 3 turns
  2244 | D        | Gained mutation: Armour fits poorly on your strangely
                  | shaped body. [a shining eye]
  2246 | D        | Killed a shining eye
  2247 | D        | Gained mutation: You occasionally lose the ability to drink
                  | potions when taking damage. [a shining eye]
  2248 | D        | Killed a shining eye
  2249 | D        | Noticed a shining eye
  2249 | D        | Noticed a shining eye
  2249 | D        | Paralysed by a floating eye for 4 turns
  2253 | D        | Gained mutation: Your magical capacity is low. (-10% MP) [a
                  | shining eye]
  2254 | D        | Gained mutation: You occasionally shout uncontrollably at
                  | your foes. [a shining eye]
  2256 | D        | Killed a shining eye
  2259 | D        | Killed a shining eye
  2267 | D        | Killed a shining eye
  2271 | D        | Found Guleobui's Distillery.
  2271 | D        | Found Vokhlina's Book Shoppe.
  2271 | D        | Found Mounemoiwo's Magic Scroll Boutique.
  2271 | D        | Found Kyrphikoq's Magic Scroll Emporium.
  2285 | D        | Bought a scroll of summoning for 95 gold pieces
  2336 | D        | Bought a +2 tower shield of reflection for 203 gold pieces
  2342 | D        | Bought an amulet of faith for 440 gold pieces
  2349 | D        | Bought the ring of Nijogast {rC+ Will+ MP+9 EV+4 Int-2} for
                  | 913 gold pieces
  2356 | D        | Bought a +2 pair of boots for 231 gold pieces
  2551 | D        | Noticed a lindwurm
  2619 | D        | Reached skill level 10 in Transmutations
  2649 | D        | Killed a lindwurm
  2760 | D        | Noticed a daeva
  2766 | D        | Noticed a 12-headed hydra
  2767 | D        | Killed a 12-headed hydra
  2768 | D        | Reached XP level 12. HP: 102/102 MP: 23/25
  2990 | D        | Noticed a deep elf annihilator
  3174 | D        | Killed a deep elf annihilator
  3175 | D        | Reached skill level 10 in Conjurations
  3175 | D        | Reached skill level 10 in Hexes
  3175 | D        | Reached skill level 10 in Summonings
  3175 | D        | Reached skill level 10 in Necromancy
  3175 | D        | Reached skill level 10 in Translocations
  3175 | D        | Reached skill level 10 in Fire Magic
  3175 | D        | Reached skill level 10 in Ice Magic
  3175 | D        | Reached skill level 10 in Air Magic
  3175 | D        | Reached skill level 10 in Earth Magic
  3175 | D        | Reached skill level 10 in Poison Magic
  3175 | D        | Noticed a mummy priest
  3434 | D        | Killed a lorocyproca
  3928 | D        | Bought a ring of see invisible for 165 gold pieces
  3929 | D        | Bought a potion of curing for 30 gold pieces
  3929 | D        | Bought a potion of curing for 30 gold pieces
  3929 | D        | Bought a potion of invisibility for 80 gold pieces
  3930 | D        | Bought the ring of Shadows {Umbra +Inv Stlth+} for 400 gold
                  | pieces
  3930 | D        | Found the ring of Shadows {Umbra +Inv Stlth+}
  3935 | D        | Bought a scroll of magic mapping for 75 gold pieces
  4211 | D        | Noticed a fire giant
  4215 | D        | Noticed a fire giant
  4216 | D        | Noticed a fire giant
  4217 | D        | Noticed a fire giant
  4221 | D        | Killed a fire giant
  4226 | D        | Killed a fire giant
  4226 | D        | Killed a fire giant
  4229 | D        | Killed a fire giant
  4271 | D        | Found the +4 dragonskin cloak
  4271 | D        | Noticed Tiamat
  4340 | D        | Killed a mummy priest
  4476 | D        | Noticed the 27-headed Lernaean hydra
  4516 | D        | Noticed a deep elf master archer
  4526 | D        | Noticed Lom Lobon
  4673 | D        | Slain by the 27-headed Lernaean hydra

Illustrated notes

Levels and vault maps discovered:
D:        dungeon_sprint_1 [red_sonja_temple_1, red_sonja_temple_small_1]

Skill      XL: |  1  2  3  4  5  6  7  8  9 10 11 12 |
---------------+-------------------------------------+-----
Fighting       | 3 4 5 7 9 10 11 13 | 13.1
Short Blades   | 1 3 4 5 6 7 8 10 11 12 | 12.9
Long Blades    | 1 3 4 5 6 7 8 10 11 12 | 12.9
Axes           | 1 3 4 5 6 7 8 10 11 12 | 12.9
Maces & Flails | 1 3 4 5 6 7 8 10 11 12 | 12.9
Polearms       | 1 3 4 5 6 7 8 10 11 12 | 12.9
Staves         | 1 3 4 5 6 7 8 10 11 12 | 12.9
Ranged Weapons | 1 3 4 5 6 7 8 10 11 12 | 12.9
Throwing       | 1 3 4 5 6 7 8 10 11 12 | 12.9
Armour         | 1 3 4 5 6 7 8 10 11 12 | 12.9
Stealth        | 1 3 4 5 6 7 8 10 11 12 | 12.9
Shields        | 1 3 4 5 6 7 8 10 11 12 | 12.9
Spellcasting   | 5 6 7 8 9 10 11 12 13 | 13.7
Conjurations   | 1 2 3 4 5 6 7 8 9 10 | 10.9
Hexes          | 1 2 3 4 5 6 7 8 9 10 | 10.9
Summonings     | 1 2 3 4 5 6 7 8 9 10 | 10.9
Necromancy     | 1 2 3 4 5 6 7 8 9 10 | 10.9
Translocations | 1 2 3 4 5 6 7 8 9 10 | 10.9
Transmutations | 4 5 6 7 8 9 10 11 | 11.5
Fire Magic     | 1 2 3 4 5 6 7 8 9 10 | 10.9
Ice Magic      | 1 2 3 4 5 6 7 8 9 10 | 10.9
Air Magic      | 1 2 3 4 5 6 7 8 9 10 | 10.9
Earth Magic    | 1 2 3 4 5 6 7 8 9 10 | 10.9
Poison Magic   | 1 2 3 4 5 6 7 8 9 10 | 10.9
Invocations    | 2 3 4 5 7 8 9 11 12 14 | 14.0
Evocations     | 1 3 4 5 6 7 8 10 11 12 | 12.9
Dodging        | 5 6 7 8 9 11 12 13 | 13.6
Unarmed Combat | 7 8 9 10 11 13 14 | 14.3

Action                   |  1- 3 |  4- 6 |  7- 9 | 10-12 || total
-------------------------+-------+-------+-------+-------++-------
Melee: Unarmed           |    18 |     6 |    43 |    89 ||   156
       Kick              |     6 |     3 |       |       ||     9
       Headbutt          |     4 |     2 |       |       ||     6
       Bite              |     4 |     1 |       |    21 ||    26
       Punch             |     1 |       |       |       ||     1
       Club              |     5 |     6 |     1 |       ||    12
       Lajatang          |       |       |       |   117 ||   117
       Dagger            |       |       |       |     3 ||     3
Throw: Stone             |       |       |       |    10 ||    10
       Dart              |       |       |       |     8 ||     8
       Javelin           |       |       |       |     6 ||     6
 Cast: Beastly Appendage |     2 |     1 |     1 |     1 ||     5
       Spider Form       |       |     1 |     9 |     9 ||    19
       Ice Form          |       |       |       |     3 ||     3
       Wereblood         |       |       |       |     1 ||     1
Invok: Stomp             |       |       |     2 |    14 ||    16
       Line Pass         |       |       |     2 |     6 ||     8
       Grand Finale      |       |       |       |     2 ||     2
Evoke: Wand              |       |       |       |     7 ||     7
  Use: Potion            |     3 |       |       |     5 ||     8
       Scroll            |       |       |     4 |     4 ||     8
 Stab: Sleeping          |       |     1 |     3 |     7 ||    11
       Paralysed         |       |       |     4 |    26 ||    30
       Confused          |       |       |     1 |     2 ||     3
Armor: Scale mail        |       |     1 |       |       ||     1
       Skin              |       |       |     2 |    16 ||    18
       Troll leather arm |       |       |       |    22 ||    22
Dodge: Dodged            |    10 |     5 |    54 |   346 ||   415
